 Dungeon Crawl Stone Soup version 0.31.0-32-g396128a36d (webtiles) character file.

Game seed: 10410164489620991496

2792 James the Covert (level 9, -5/45 HPs)
             Began as a Felid Enchanter on Apr 17, 2024.
             Was a Follower of Dithmenos.
             Slain by an orc warrior
             ... wielding a +0 spear
              (8 damage)
             ... in a bailey.
             The game lasted 00:30:17 (7441 turns).

James the Covert (Felid Enchanter)                  Turns: 7441, Time: 00:30:18

Health: -5/45      AC: 10    Str:  8    XL:     9   Next: 43%
Magic:  5/14       EV: 19    Int: 20    God:    Dithmenos [*.....]
Gold:   482        SH:  5    Dex: 16    Spells: 3/14 levels left
                                        Lives:  0   Deaths: 3

rFire   . .          .
                       - Unarmed
rCold   . . .        (shield unavailable)
rNeg    . . .        (body armour unavailable)
rPois   .            (helmet unavailable)
rElec   .            (cloak unavailable)
rCorr   .            (gloves unavailable)
SInv    +            (boots unavailable)
Will    +....        f - amulet of reflection
Stlth   +++++        r - +4 ring of protection
HPRegen 0.27/turn    c - +4 ring of protection
MPRegen 0.14/turn

%: reflection
@: wreathed by umbra
A: very small, claws 1, fangs 3, see invisible, shaggy fur 2, stealthy paws, no
weapons or thrown items, no armour, multi-lived
a: Renounce Religion


You were in a bailey.
You worshipped Dithmenos.
Dithmenos was aware of your devotion.
You visited 2 branches of the dungeon, and saw 9 of its levels.
You also visited: Bailey.

You collected 482 gold pieces.

Inventory:

Jewellery
 c - a +4 ring of protection (right paw)
   (You found it on level 5 of the Dungeon)
 f - an amulet of reflection (around neck)
   (You found it on level 1 of the Dungeon)
 i - a ring of protection from fire
   (You found it on level 5 of the Dungeon)
 o - a ring of poison resistance
   (You found it on level 6 of the Dungeon)
 r - a +4 ring of protection (left paw)
   (You found it on level 3 of the Dungeon)
 u - a ring of wizardry
   (You found it on level 7 of the Dungeon)
Talismans
 e - a talisman of death
   (You found it on level 1 of the Dungeon)
 s - a maw talisman
   (You found it on level 7 of the Dungeon)
Wands
 d - a wand of iceblast (11)
   (You found it on level 8 of the Dungeon)
 k - a wand of polymorph (8)
   (You took it off Sigmund on level 2 of the Dungeon)
 x - a wand of acid (13)
   (You found it on level 3 of the Dungeon)
Scrolls
 j - a scroll of vulnerability {!r}
 n - 2 scrolls of fog
 t - a scroll of teleportation {@r4}
Potions
 a - 2 potions of invisibility
 b - a potion of resistance {unknown}
 g - 8 potions of curing {@q1}
 h - 4 potions of lignification {!q}
 l - a potion of enlightenment {unknown}
 m - a potion of might
 p - a potion of cancellation {unknown}
 q - a potion of heal wounds {@q2}
 w - 3 potions of haste {@q3}


   Skills:
 - Level 4.0 Fighting
 - Level 5.0 Dodging
 - Level 10.0 Stealth
 + Level 8.6 Unarmed Combat
 - Level 3.0 Spellcasting
 - Level 7.0 Hexes
 - Level 2.0 Ice Magic


You had 3 spell levels left.
You knew the following spells:

 Your Spells              Type           Power      Damage    Failure   Level
a - Confusing Touch       Hex            31%        N/A       2%          3
b - Dazzling Flash        Conj/Hex       34%        N/A       10%         3
d - Tukima's Dance        Hex            31%        N/A       2%          3
x - Ensorcelled Hibernat  Hex/Ice        42%        N/A       3%          2

Your spell library contained the following spells:

 Spells                   Type           Power      Damage    Failure   Level
 Silence                  Hex/Air        8%         N/A       67%         5
 Iskenderun's Mystic Bla  Conj/Tloc      3%         2d3       80%         4
 Passage of Golubria      Tloc           3%         N/A       80%         4
 Lehudib's Crystal Spear  Conj/Erth      1%         10d2      100%        8
 Dimensional Bullseye     Hex/Tloc       Unusable   N/A       N/A         4

Dungeon Overview and Level Annotations

Branches:
Dungeon (8/15)             Temple (1/1) D:7          Bailey (1/1)
   Lair: D:8-11

Altars:
Ashenzari
Cheibriados
Dithmenos
Elyvilon
Fedhas
Gozag
Hepliaklqana
Kikubaaqudgha
Makhleb
Nemelex Xobeh
Okawaru
Qazlal
Ru
Sif Muna
Trog
Uskayaw
Vehumet
Wu Jian
Xom
Yredelemnul
Zin
The Shining One

Shops:
D:2 (   D:3 =

Annotations:
D:7 exclusion: 3 lemures, Pikel


Innate Abilities, Weirdness & Mutations

You have sharp claws.
You have razor-sharp teeth.
You have supernaturally acute eyesight. (SInv)
You are covered in thick fur. (AC +2)
Your paws help you pounce on unaware monsters.
You are incapable of wielding weapons or throwing items.
You cannot wear armour.
You gain extra lives every three experience levels.


Message History

The centaur throws a javelin.
The javelin completely misses you.
The centaur throws a javelin.
The javelin pierces through you! The orc completely misses you.
The orc warrior hits you with a +0 spear!
* * * LOW HITPOINT WARNING * * *
The orc completely misses you.
The orc misses you. x2; The orc hits you with a +0 trident.
* * * LOW HITPOINT WARNING * * *
You scratch the orc. The orc closely misses you.
You catch the helpless orc completely off-guard!
You mangle the orc!!
You kill the orc!
Dithmenos accepts your kill. The orc closely misses you.
The orc warrior closely misses you.
The orc hits you from afar with a +0 spear.
* * * LOW HITPOINT WARNING * * *
You barely miss the orc warrior. You block the orc's attack.
The orc completely misses you.
You scratch the orc warrior but do no damage.
An orc warrior comes into view. It is wielding a +0 glaive.
You block the orc's attack. The orc warrior barely misses you.
A centaur comes into view. It is wielding a +0 trident.
The orc hits you but does no damage.
You pounce on the helpless orc warrior from behind!
You claw the orc warrior!
The centaur shouts!
The orc warrior is no longer blind.
You block the orc's attack. The orc warrior closely misses you.
Press: ? - help, Shift-Dir - straight line, f - orc
Aim: an orc, wielding a +0 trident and wearing a +0 ring mail (umbra, chance to affect: 71%)
The orc looks drowsy...
The orc warrior shouts!
You block the orc's attack.
The orc warrior hits you with a +0 spear.
* * * LOW HITPOINT WARNING * * *
The helpless orc fails to defend itself.
You eviscerate the orc!!!
You kill the orc!
Dithmenos accepts your kill.
The orc splashes around in the water.
The orc warrior barely misses you.
Press: ? - help, Shift-Dir - straight line, f - orc warrior
Aim: an orc warrior, wielding a +0 glaive and wearing a +0 scale mail (chance to affect: 61%)
The +0 glaive dances into the air!
The centaur throws a javelin.
The javelin pierces through you.
* * * LOW HITPOINT WARNING * * *
The centaur throws a javelin.
The javelin pierces through you.
* * * LOW HITPOINT WARNING * * *
The orc splashes around in the water.
The orc warrior hits you with a +0 spear!
You die...

≈≈≈.≈≈≈.........≈≈
≈≈≈.≈.....≈≈≈.....≈
≈≈.≈≈.⌠.)≈≈≈≈≈..⌠.≈
≈≈.≈.....≈≈≈≈≈.....
≈.≈≈...)≈≈~~~≈≈....
(.≈.....≈~≈~≈~≈...
≈o≈.....≈~≈?≈~≈..
≈o≈....o≈~≈)≈~≈..
≈c≈...)@≈o≈)≈~≈..
≈.≈....)≈~≈≈≈~≈.
≈.≈≈....≈≈~≈~≈≈.
≈≈.≈.....≈c≈~≈o
≈≈.≈≈.⌠..≈≈~≈≈.
≈≈≈.≈.....≈o≈..
≈≈≈.≈≈≈........
≈≈≈≈..≈≈≈.....≈


You could see 3 orc warriors, 2 centaurs, 3 orcs and a friendly +0 glaive.

Vanquished Creatures
  A two-headed ogre (D:8)
  A cyclops (D:6)
  Sigmund (D:2)
  A steam dragon (D:6)
  An acid dragon (D:8)
  An orc warrior (Bailey)
  A sky beast (D:8)
  A black bear (D:5)
  An ogre (D:6)
  A centaur (D:6)
  3 bullfrogs
  2 kobold brigands
  A gnoll sergeant (D:7)
  A scorpion (D:7)
  2 jellies
  An orc priest (D:7)
  2 bombardier beetles
  A sleepcap (D:6)
  Natasha (thrice) (D:2)
  7 gnolls
  10 adders
  A shadow imp (D:5)
  5 white imps
  2 ufetubi (D:6)
  A ribbon worm (D:3)
  3 dart slugs
  8 orcs
  8 bats
  7 endoplasms
  3 giant cockroaches
  6 hobgoblins
  5 jackals (D:1)
  A quokka (D:1)
  10 ball pythons
  4 frilled lizards
  12 goblins
  11 kobolds
  2 rats
132 creatures vanquished.

Notes
Turn   | Place    | Note
-------+----------+-------------------------------------------
     0 | D:1      | James the Felid Enchanter began the quest for the Orb.
     0 | D:1      | Reached XP level 1. HP: 9/9 MP: 4/4
   124 | D:1      | Reached skill level 1 in Fighting
   166 | D:1      | Reached XP level 2. HP: 14/14 MP: 6/6
   179 | D:1      | Learned a level 2 spell: Ensorcelled Hibernation
   706 | D:1      | Reached skill level 1 in Ice Magic
   918 | D:2      | Reached XP level 3. HP: 12/18 MP: 7/7
   997 | D:2      | Found a faded altar of an unknown god.
  1060 | D:2      | Reached skill level 5 in Hexes
  1125 | D:2      | Noticed Natasha
  1137 | D:2      | Killed Natasha
  1138 | D:2      | Reached XP level 4. HP: 23/23 MP: 5/8
  1138 | D:2      | Gained a life (2 lives remaining)
  1191 | D:2      | Found a snail-covered altar of Cheibriados.
  1196 | D:2      | Noticed Sigmund
  1222 | D:2      | Killed from afar by Sigmund
  1222 | D:2      | Lost a life (1 life remaining)
  1251 | D:2      | Killed from afar by Sigmund
  1251 | D:2      | Lost a life (0 lives remaining)
  1262 | D:2      | Noticed Natasha
  1273 | D:2      | Killed Natasha
  1282 | D:2      | Killed Sigmund
  1283 | D:2      | Reached skill level 5 in Stealth
  1283 | D:2      | Reached XP level 5. HP: 4/28 MP: 1/9
  1379 | D:2      | Noticed Natasha
  1391 | D:2      | Killed Natasha
  1392 | D:2      | Gained mutation: You are covered in thick fur. (AC +2)
                  | [Felid growth]
  1392 | D:2      | Reached XP level 6. HP: 32/32 MP: 5/10
  1560 | D:2      | Found Veclen's Weapon Emporium.
  2310 | D:3      | Found Toje's Jewellery Emporium.
  2398 | D:3      | Reached skill level 5 in Dodging
  2836 | D:3      | Learned a level 3 spell: Confusing Touch
  2840 | D:3      | Learned a level 3 spell: Tukima's Dance
  3159 | D:4      | Found a stormy altar of Qazlal.
  3161 | D:4      | Found a hazy altar of Hepliaklqana.
  3164 | D:4      | Found a snail-covered altar of Cheibriados.
  3164 | D:4      | Found a glowing silver altar of Zin.
  3272 | D:4      | Found a sacrificial altar of Ru.
  3450 | D:5      | Entered Level 5 of the Dungeon
  3496 | D:5      | Reached skill level 6 in Stealth
  3973 | D:5      | Found a bloodstained altar of Trog.
  4524 | D:6      | Reached XP level 7. HP: 18/36 MP: 3/11
  4524 | D:6      | Gained a life (1 life remaining)
  4598 | D:6      | Noticed a cyclops
  4600 | D:6      | Found a burning altar of Makhleb.
  4615 | D:6      | Killed a cyclops
  4616 | D:6      | Reached skill level 7 in Stealth
  4762 | D:6      | Reached skill level 5 in Unarmed Combat
  4762 | D:6      | Reached XP level 8. HP: 42/42 MP: 9/12
  4907 | D:6      | Reached skill level 8 in Stealth
  4975 | D:6      | Learned a level 3 spell: Dazzling Flash
  5092 | D:6      | Reached skill level 9 in Stealth
  5572 | D:7      | Reached skill level 10 in Stealth
  5613 | D:7      | Found a staircase to the Ecumenical Temple.
  5625 | Temple   | Entered the Ecumenical Temple
  5639 | Temple   | Became a worshipper of Dithmenos the Shadowed
  6753 | D:7      | Noticed Pikel
  7082 | D:5      | Found an opulent altar of Gozag.
  7195 | D:8      | Noticed a two-headed ogre
  7206 | D:8      | Killed a two-headed ogre
  7207 | D:8      | Reached XP level 9. HP: 45/45 MP: 3/14
  7265 | D:8      | Found an iron altar of Okawaru.
  7347 | D:8      | Found a flagged portal.
  7368 | Bailey   | Entered a bailey
  7403 | Bailey   | HP: 1/45 [centaur/javelin (7)]
  7409 | Bailey   | Hit by a javelin thrown by a centaur
  7409 | Bailey   | Lost a life (0 lives remaining)
  7416 | Bailey   | Reached * piety under Dithmenos
  7441 | Bailey   | Slain by an orc warrior

Illustrated notes

Levels and vault maps discovered:
D:1:      dpeg_arrival_long_road, layout_loops_ring
D:2:      layout_loops_cross, shapermc_ecumenical_altar_acropolis, serial_shops,
          shop, basic_altar, minmay_circled_x, uniq_natasha, uniq_sigmund
D:3:      layout_loops_ring, serial_shops, nicolae_shop_statue_plus,
          minmay_pentangle
D:4:      layout_basic, nicolae_ru_path_of_blood, grunt_temple_overflow_open
D:5:      dreamdust_elfheim, layout_loops_ring, general_overflow_altar,
          mainiacjoe_overflow_alcove_1
D:6:      layout_loops_ring, lemuel_tele_altar
D:7:      layout_basic, minmay_temple_entry_large_hall, uniq_pikel
D:8:      layout_layer_cave, okawaru_trees_2, enter_bailey_5, dk_vineyard_2,
          roadster_capsule_ark_zombie, uniq_psyche
Temple:   nicolae_temple_god_jail
Bailey:   bailey_polearm_flooded_kennysheep, bailey

Skill      XL: |  1  2  3  4  5  6  7  8  9 |
---------------+----------------------------+-----
Fighting       | 1 2 3 4 |  4.0
Unarmed Combat | 2 3 5 7 8 |  8.6
Dodging        | 3 4 5 |  5.0
Ice Magic      | 1 2 |  2.0
Hexes          | 5 6 7 |  7.0
Stealth        | 5 6 7 10 | 10.0
Spellcasting   | 3 |  3.0

Action                     |  1- 3 |  4- 6 |  7- 9 || total
---------------------------+-------+-------+-------++-------
  Melee: Unarmed           |   105 |   151 |   122 ||   378
         Bite              |     9 |    11 |    15 ||    35
         Punch             |       |     2 |     3 ||     5
   Cast: Ensorcelled Hiber |     1 |    11 |    37 ||    49
         Confusing Touch   |       |       |     3 ||     3
         Tukima's Dance    |       |       |     1 ||     1
         Dazzling Flash    |       |       |     1 ||     1
    Use: Scroll            |       |    11 |     6 ||    17
         Potion            |       |       |     1 ||     1
   Stab: Sleeping          |     3 |    16 |    29 ||    48
         Distracted        |     1 |       |     2 ||     3
         Confused          |       |       |     4 ||     4
         Invisible         |       |       |     2 ||     2
 Armour: Skin              |    38 |    43 |    53 ||   134
  Dodge: Dodged            |    61 |   111 |   109 ||   281
  Block: Other             |    12 |    34 |    28 ||    74
         Reflection        |       |     2 |     3 ||     5
